[Event "Titled Tuesday Blitz May 24 Late 2022"]
[White "Ehlvest, Jaan"]
[Black "Oparin, Grigoriy"]
[WhiteFideId "4500016"]
[BlackFideId "24125890"]
[WhiteElo "2505"]
[BlackElo "2665"]
[Result "0-1"]
[Round "01"]
[TimeControl "180+1"]
[Date "2022.05.24"]
[WhiteClock "0:00:11"]
[BlackClock "0:00:11"]

1. e4 c5 2. Nf3 d6 3. d4 cxd4 4. Nxd4 Nf6 5. Nc3 Nc6 6. Bc4 e5 7. Nxc6 bxc6 8. Bg5 Be7 9. Bb3 O-O 10. O-O h6 11. Bh4 Be6 12. Qd3 Ne8 13. Bxe7 Qxe7 14. Rad1 Rd8 15. Bxe6 fxe6 16. Qc4 c5 17. Rd2 Nf6 18. Rfd1 Rd7 19. h3 Rfd8 20. g3 Kh8 21. Kg2 Qe8 22. b3 Qe7 23. Na4 Qf7 24. Qe2 Qg6 25. Nc3 Qe8 26. Re1 Qf7 27. Na4 Qf8 28. c4 Ng8 29. Rf1 Qe8 30. f4 exf4 31. Rxf4 Ne7 32. e5 Ng6 33. Re4 Nxe5 34. Nxc5 Re7 35. Nd3 Nc6 36. Nf4 e5 37. Nd5 Rf7 38. Qe3 Qe6 39. Qd3 Rdf8 40. Ree2 Rf3 41. Qe4 Qf7 42. Nf4 Rxg3+ 43. Kxg3 exf4+ 44. Kh2 f3 45. Rf2 Ne5 46. Rxd6 Re8 47. c5 h5 48. c6 Ng4+ 49. hxg4 Rxe4 50. Rd7 Qf4+ 0-1


[Site "https://www.chess.com"]

[Event "Titled Tuesday Blitz May 24 Late 2022"]
[White "Escudero Donoso, Felipe"]
[Black "Djokic, Mihailo"]
[WhiteFideId "3410595"]
[BlackFideId "976440"]
[WhiteElo "2184"]
[BlackElo "2202"]
[Result "0-1"]
[Round "01"]
[TimeControl "180+1"]
[Date "2022.05.25"]
[WhiteClock "0:00:04"]
[BlackClock "0:00:09"]

1. d4 Nf6 2. c4 g6 3. g3 Bg7 4. Bg2 O-O 5. Nc3 d6 6. Nf3 Nc6 7. O-O a6 8. b3 Rb8 9. d5 Na5 10. Bg5 c5 11. dxc6 Nxc6 12. Rc1 Bf5 13. Qd2 Re8 14. Rfd1 Ne4 15. Nxe4 Bxe4 16. Be3 Qc7 17. Nd4 Bxg2 18. Kxg2 Ne5 19. h3 Rbc8 20. Bh6 Bh8 21. Be3 Bf6 22. f4 Nd7 23. Bf2 Nc5 24. Nf3 Ne4 25. Qe3 Qc6 26. Bg1 Bb2 27. Rc2 Bg7 28. Rd5 Nf6 29. Rd1 b5 30. c5 Ne4 31. b4 dxc5 32. bxc5 Red8 33. Rcc1 e6 34. Kh2 a5 35. Ne5 Bxe5 36. fxe5 a4 37. Rd4 Rxd4 38. Qxd4 Rc7 39. Be3 Rd7 40. Qb4 Kg7 41. a3 f6 42. Rc2 fxe5 43. Rb2 Rb7 44. Rb1 Nf6 45. Rd1 Nd5 46. Qd2 Rf7 47. Qb2 Qc7 48. Bg1 h5 49. e4 Nf6 50. Rd6 Nxe4 51. Qxe5+ Nf6 52. Rxe6 Qxe5 53. Rxe5 Rb7 54. c6 Rc7 55. Rc5 Ne4 56. Bd4+ Kf7 57. Rxb5 Rxc6 58. Rb7+ Ke6 59. Rb4 Rc2+ 60. Kg1 Nxg3 61. Bf2 Ne2+ 62. Kg2 Nc3 63. Rc4 Kd5 64. Rc5+ Ke4 65. Rc6 Kd3 66. Rd6+ Kc4 67. Rxg6 Nd1 68. Rc6+ Kb3 69. Rxc2 Kxc2 70. Bc5 Kb3 71. Kf3 Nc3 72. Kf4 Ne2+ 73. Kg5 Ng3 74. h4 Ne4+ 75. Kxh5 Nxc5 76. Kg6 Kxa3 77. h5 Ne6 78. h6 Kb3 79. Kf7 Ng5+ 80. Kg6 a3 81. Kxg5 a2 82. Kg6 a1=Q 83. Kh7 Qf6 84. Kg8 Qxh6 85. Kf7 Qd6 86. Kg8 Kc4 87. Kf7 Kd5 88. Kg7 Ke5 89. Kf7 Qf6+ 0-1


[Site "https://www.chess.com"]

[Event "Titled Tuesday Blitz May 24 Late 2022"]
[White "Ezat, Mohamed"]
[Black "Marin Ramirez, Gerardo"]
[WhiteFideId "10600906"]
[BlackFideId "3901068"]
[WhiteElo "2386"]
[BlackElo "1920"]
[Result "1-0"]
[Round "01"]
[TimeControl "180+1"]
[Date "2022.05.25"]
[WhiteClock "0:01:10"]
[BlackClock "0:00:03"]

1. d4 d5 2. c4 Nf6 3. cxd5 Nxd5 4. Nf3 e6 5. e4 Nf6 6. Nc3 c5 7. d5 a6 8. a4 Be7 9. Be2 O-O 10. d6 Bxd6 11. e5 Bxe5 12. Nxe5 Qc7 13. Bf4 Qb6 14. Nc4 Qb4 15. a5 Bd7 16. O-O Bc6 17. Bd2 Nbd7 18. Na4 Qb5 19. Ncb6 c4 20. Nxa8 Rxa8 21. Nc3 1-0


[Site "https://www.chess.com"]

[Event "Titled Tuesday Blitz May 24 Late 2022"]
[White "Galiana Fernandez, Adrian"]
[Black "O`Gorman, Tom"]
[WhiteFideId "32010150"]
[BlackFideId "2508249"]
[WhiteElo "2133"]
[BlackElo "2247"]
[Result "0-1"]
[Round "01"]
[TimeControl "180+1"]
[Date "2022.05.25"]
[WhiteClock "0:00:27"]
[BlackClock "0:01:52"]

1. Nf3 Nf6 2. g3 g6 3. Bg2 Bg7 4. O-O O-O 5. c3 d5 6. d4 Bf5 7. Bf4 Nbd7 8. Nbd2 c5 9. Ne5 Nxe5 10. Bxe5 Rc8 11. Qb3 cxd4 12. cxd4 Qd7 13. Rfc1 Bh6 14. e3 Ng4 15. Qxd5 Qxd5 16. Bxd5 Rcd8 17. e4 Bxd2 0-1


[Site "https://www.chess.com"]

[Event "Titled Tuesday Blitz May 24 Late 2022"]
[White "Garcia, Gabriel Gonzaga"]
[Black "Rustemov, Alexander"]
[WhiteFideId "2138956"]
[BlackFideId "4119002"]
[WhiteElo "2240"]
[BlackElo "2849"]
[Result "0-1"]
[Round "01"]
[TimeControl "180+1"]
[Date "2022.05.24"]
[WhiteClock "0:01:21"]
[BlackClock "0:01:05"]

1. e4 e6 2. Nf3 d5 3. Nc3 Nf6 4. e5 Nfd7 5. d4 Be7 6. Bd3 b6 7. O-O Ba6 8. Bxa6 Nxa6 9. Qd3 Nb4 10. Qe2 c5 11. a3 Nc6 12. Be3 cxd4 13. Bxd4 O-O 14. Rfd1 Rc8 15. Nb5 a6 16. Nd6 Bxd6 17. exd6 b5 18. a4 Nxd4 19. Nxd4 bxa4 20. Rxa4 Nc5 21. Rb4 Qxd6 22. c4 Rfd8 23. cxd5 Qxd5 24. Rc1 Nd3 25. Rxc8 Rxc8 26. Qxd3 Rc1+ 27. Qf1 Rxf1+ 28. Kxf1 g6 29. b3 Qe4 30. Rc4 Qd3+ 31. Ke1 e5 32. Nf3 Qxb3 33. Nxe5 Qb1+ 0-1


[Site "https://www.chess.com"]

[Event "Titled Tuesday Blitz May 24 Late 2022"]
[White "Golubev, Mikhail"]
[Black "Szente Varga, Fruzsina"]
[WhiteFideId "14100983"]
[BlackFideId "712264"]
[WhiteElo "2374"]
[BlackElo "1994"]
[Result "1-0"]
[Round "01"]
[TimeControl "180+1"]
[Date "2022.05.25"]
[WhiteClock "0:01:29"]
[BlackClock "0:01:30"]

1. e4 e5 2. Nf3 Nc6 3. Bb5 a6 4. Ba4 Nf6 5. O-O Be7 6. Re1 b5 7. Bb3 O-O 8. a4 b4 9. d3 d6 10. Nbd2 Bg4 11. h3 Bxf3 12. Nxf3 Nd7 13. Bd5 Ndb8 14. c3 a5 15. d4 exd4 16. cxd4 Ra6 17. Be3 Bf6 18. Rc1 Ne7 19. Bc4 Ra8 20. e5 dxe5 21. dxe5 Nec6 22. exf6 Qxf6 23. Qc2 Nd7 24. Bd5 1-0


[Site "https://www.chess.com"]

[Event "Titled Tuesday Blitz May 24 Late 2022"]
[White "Gomez Dieguez, David"]
[Black "Isajevsky, Anton"]
[WhiteFideId "22223630"]
[BlackFideId "4142500"]
[WhiteElo "2115"]
[BlackElo "2510"]
[Result "0-1"]
[Round "01"]
[TimeControl "180+1"]
[Date "2022.05.25"]
[WhiteClock "0:00:33"]
[BlackClock "0:00:55"]

1. c4 c5 2. Nf3 g6 3. e4 Bg7 4. d4 cxd4 5. Nxd4 Nf6 6. Nc3 O-O 7. Be2 Nc6 8. Be3 b6 9. O-O Bb7 10. Nxc6 Bxc6 11. e5 Ne8 12. f4 d6 13. exd6 Nxd6 14. Rc1 Nf5 15. Bf2 Nd4 16. Bd3 Qd6 17. f5 Nxf5 18. Bxf5 Qxd1 19. Rcxd1 gxf5 20. Bd4 e6 21. Bxg7 Kxg7 22. Rd6 Rac8 23. b3 Rfd8 24. Rfd1 Rxd6 25. Rxd6 Kf6 26. Kf2 Ke5 27. Rd3 Rg8 28. Ne2 Rxg2+ 29. Ke3 Rxh2 30. Rd8 h5 31. Rc8 Be4 32. c5 bxc5 33. Rxc5+ Kf6 34. b4 h4 35. b5 Rxe2+ 36. Kxe2 h3 37. a4 h2 38. Rc1 h1=Q 39. Rxh1 Bxh1 40. a5 Ke5 41. Ke3 f4+ 42. Kf2 Bd5 43. a6 Kd4 0-1


[Site "https://www.chess.com"]

[Event "Titled Tuesday Blitz May 24 Late 2022"]
[White "Gorodetzky, David"]
[Black "Krallis, Christos"]
[WhiteFideId "2813416"]
[BlackFideId "4298896"]
[WhiteElo "2494"]
[BlackElo "2234"]
[Result "1-0"]
[Round "01"]
[TimeControl "180+1"]
[Date "2022.05.24"]
[WhiteClock "0:00:08"]
[BlackClock "0:00:04"]

1. Nf3 Nf6 2. b3 g6 3. Bb2 Bg7 4. g3 O-O 5. Bg2 d6 6. d4 c6 7. O-O Bg4 8. Nbd2 Nbd7 9. h3 Bxf3 10. exf3 Qc7 11. f4 h5 12. Re1 e6 13. Nf3 b5 14. Rc1 b4 15. c4 bxc3 16. Bxc3 Nd5 17. Bd2 a5 18. Qc2 c5 19. Ng5 Rae8 20. f5 gxf5 21. Bxd5 exd5 22. Qxf5 Nf6 23. Rxe8 Rxe8 24. Be3 Qd7 25. Qxd7 Nxd7 26. dxc5 dxc5 27. Bxc5 Bh6 28. h4 f6 29. f4 fxg5 30. hxg5 Bg7 31. Bf2 d4 32. Rc6 Nf8 33. Rd6 Ne6 34. Kg2 Rd8 35. Rxe6 d3 36. Be3 d2 37. Bxd2 Rxd2+ 38. Kf3 Rxa2 39. f5 Ra3 40. f6 Rxb3+ 41. Kf4 Rb5 42. Re8+ Bf8 43. g6 Rb7 44. Ra8 Rb4+ 45. Kg5 Rb5+ 46. Kh4 Rb4+ 47. Kxh5 Rb5+ 48. Kh4 Rb4+ 49. g4 Rb6 50. g5 Rb4+ 51. Kh5 Rb7 52. g7 Rf7 53. Kg6 a4 54. gxf8=Q+ Rxf8 55. Rxa4 Rb8 56. Ra7 Rf8 57. Rg7+ Kh8 58. Rh7+ Kg8 59. f7+ 1-0


[Site "https://www.chess.com"]

[Event "Titled Tuesday Blitz May 24 Late 2022"]
[White "Grigoriants, Sergey"]
[Black "Hansch, Karsten"]
[WhiteFideId "4130804"]
[BlackFideId "24692239"]
[WhiteElo "2502"]
[BlackElo "2358"]
[Result "1-0"]
[Round "01"]
[TimeControl "180+1"]
[Date "2022.05.24"]
[WhiteClock "0:00:23"]
[BlackClock "0:00:07"]

1. e4 c6 2. d4 d5 3. Nc3 dxe4 4. Nxe4 Bf5 5. Ng3 Bg6 6. h4 h6 7. Nf3 Nd7 8. Bd3 Bxd3 9. Qxd3 e6 10. Bf4 Ngf6 11. O-O-O Be7 12. Kb1 O-O 13. Nf1 c5 14. Qe2 cxd4 15. Nxd4 Qa5 16. Ne3 Rac8 17. g4 Nb6 18. g5 Nfd5 19. Nxd5 Nxd5 20. Bc1 Rfd8 21. gxh6 g6 22. Qf3 Bf6 23. Nb3 Qa6 24. h5 g5 25. Rhg1 Kh8 26. Bxg5 Bxb2 27. Bxd8 Nc3+ 28. Kxb2 Qxa2+ 29. Kc1 Qa3+ 30. Kd2 Rxd8+ 31. Kxc3 Rc8+ 32. Kd2 Qb4+ 33. c3 Rd8+ 34. Kc2 1-0


[Site "https://www.chess.com"]

[Event "Titled Tuesday Blitz May 24 Late 2022"]
[White "Gschnitzer, Adrian"]
[Black "Rychagov, Andrey"]
[WhiteFideId "1270337"]
[BlackFideId "4119932"]
[WhiteElo "2294"]
[BlackElo "2500"]
[Result "1-0"]
[Round "01"]
[TimeControl "180+1"]
[Date "2022.05.25"]
[WhiteClock "0:00:25"]
[BlackClock "0:00:49"]

1. e4 c5 2. Nf3 e6 3. d4 cxd4 4. Nxd4 a6 5. Nc3 b5 6. Bd3 Qb6 7. Nb3 Nc6 8. O-O Nf6 9. Be3 Qb8 10. f4 d6 11. a4 b4 12. Na2 Be7 13. Kh1 O-O 14. Nd4 Nxd4 15. Bxd4 e5 16. Bg1 exf4 17. Rxf4 d5 18. Qf3 dxe4 19. Bxe4 Nxe4 20. Qxe4 Be6 21. Nxb4 Bg5 22. Rff1 Rd8 23. Rad1 a5 24. Nc6 Qb7 25. Rfe1 Rxd1 26. Rxd1 Rc8 27. Rd6 Re8 28. Bd4 Bd7 29. Ne7+ Rxe7 30. Qxb7 Be8 31. Qxe7 Bxe7 32. Ra6 1-0


[Site "https://www.chess.com"]

[Event "Titled Tuesday Blitz May 24 Late 2022"]
[White "Gurevich, Dmitry"]
[Black "Chyngyz, Sultai"]
[WhiteFideId "2000407"]
[BlackFideId "13803158"]
[WhiteElo "2506"]
[BlackElo "1365"]
[Result "1/2-1/2"]
[Round "01"]
[TimeControl "180+1"]
[Date "2022.05.25"]
[WhiteClock "0:00:09"]
[BlackClock "0:00:21"]

1. d4 Nf6 2. c4 g6 3. Nc3 Bg7 4. e4 d6 5. Nf3 O-O 6. Be2 e5 7. O-O Nc6 8. d5 Ne7 9. Ne1 Nd7 10. Be3 f5 11. f3 f4 12. Bf2 g5 13. Nb5 Nf6 14. Nxa7 Bd7 15. Nb5 h5 16. Nc3 g4 17. Bh4 Ng6 18. Bxf6 Qxf6 19. fxg4 hxg4 20. Bxg4 Rad8 21. Bxd7 Rxd7 22. Qg4 Re7 23. Nf3 Bh6 24. h4 Kh7 25. Ng5+ Kh8 26. Qh5 Qg7 27. Ne6 Rxe6 28. dxe6 f3 29. Rxf3 Nf4 30. Rxf4 exf4 31. e7 Rg8 32. g4 fxg3 33. Rd1 Qf6 34. Rd2 Kh7 35. Nd5 Qg6 36. Qxg6+ Kxg6 37. Re2 Kf7 38. Nxc7 Kxe7 39. Kg2 Kd7 40. Nd5 Ke6 41. b4 Ke5 42. Ne7 Rg4 43. Nf5 Bf4 44. h5 Rg5 45. h6 Rh5 46. c5 dxc5 47. bxc5 Bxh6 48. Nxh6 Rxh6 49. Kxg3 Rc6 50. Rc2 Kxe4 51. Rb2 Kd5 52. Rd2+ Kxc5 53. Rc2+ Kb6 54. Rxc6+ Kxc6 55. Kf3 Kb5 56. Ke3 Ka4 57. Kd4 b5 58. Kc5 b4 59. Kc4 Ka3 60. Kb5 Kxa2 61. Kxb4 1/2-1/2


[Site "https://www.chess.com"]

[Event "Titled Tuesday Blitz May 24 Late 2022"]
[White "Guzman, Christopher"]
[Black "Roque Sola, Gisela"]
[WhiteFideId "6405096"]
[BlackFideId "5120241"]
[WhiteElo "2244"]
[BlackElo "1863"]
[Result "0-1"]
[Round "01"]
[TimeControl "180+1"]
[Date "2022.05.25"]
[WhiteClock "0:02:05"]
[BlackClock "0:01:32"]

1. e4 e6 2. d3 d5 3. Nd2 Nf6 4. Ngf3 c5 5. c3 Nc6 6. Be2 Be7 7. O-O Qc7 8. Re1 O-O 9. a3 b5 10. Bf1 a5 11. e5 Nd7 12. d4 Rb8 13. g3 b4 14. Bd3 bxc3 15. bxc3 cxd4 16. cxd4 Qa7 17. Nf1 Ba6 18. h4 Bxd3 19. Qxd3 Nb6 20. Bg5 Nc4 21. Bxe7 Nxe7 22. N1d2 Nb2 23. Qe3 Nf5 24. Qg5 h6 25. Qg4 Nd3 26. Reb1 Rxb1+ 27. Rxb1 Rb8 28. Rxb8+ Qxb8 29. h5 Qb2 30. Kg2 Qxa3 31. Qh3 Qc1 32. Qh2 Ne1+ 33. Nxe1 Qxe1 34. Nf3 Qe4 0-1


[Site "https://www.chess.com"]

[Event "Titled Tuesday Blitz May 24 Late 2022"]
[White "Halak, Miklos"]
[Black "Darini, Pouria"]
[WhiteFideId "726400"]
[BlackFideId "12502200"]
[WhiteElo "2197"]
[BlackElo "2483"]
[Result "0-1"]
[Round "01"]
[TimeControl "180+1"]
[Date "2022.05.25"]
[WhiteClock "0:00:01"]
[BlackClock "0:00:18"]

1. f3 e5 2. g3 d5 3. Bg2 Bc5 4. e3 Nf6 5. Ne2 d4 6. exd4 exd4 7. d3 O-O 8. O-O Nd5 9. Kh1 Re8 10. Nf4 Ne3 11. Bxe3 Rxe3 12. Nd2 Re8 13. Ne4 Bf8 14. Qd2 Nc6 15. Rae1 Bf5 16. c3 a5 17. g4 Bc8 18. Ng3 Bd7 19. Rxe8 Bxe8 20. Re1 g6 21. Qc2 Bh6 22. Nfe2 Bg7 23. Nf4 Qd6 24. Nh3 Bd7 25. c4 a4 26. Nf2 a3 27. b3 Qb4 28. Qb1 Re8 29. Rxe8+ Bxe8 30. Nfe4 Bd7 31. Kg1 Be5 32. Kf1 Kg7 33. Ke2 Bf4 34. Nf1 f5 35. gxf5 gxf5 36. Neg3 Kf8 37. Bh3 Ne7 38. Qe1 Qxe1+ 39. Kxe1 c5 40. Ne2 Bd6 41. Nfg3 Kf7 42. f4 Kg6 43. Bg2 Nc6 44. Bxc6 Bxc6 45. Kf2 Bc7 46. Nf1 Kh5 47. Nfg3+ Kg4 48. h3+ Kxh3 49. Nxf5 Kg4 50. Nh6+ Kh5 51. Nf7 Kg6 52. Ng5 h6 53. Nf3 b6 54. Kg3 Kf6 55. Kg4 Bd7+ 56. Kg3 Bf5 57. Ne1 h5 58. Ng1 Bg4 59. Ngf3 Bd6 60. Nh4 Bb8 61. Nhf3 Ke6 62. Nh4 Bd1 63. Nhf3 Kf5 64. Nh4+ Kf6 65. Nhf3 Bc7 66. Nh4 Ke6 67. Nhf3 Kd7 68. Nh4 Kc6 69. Nhf3 b5 70. Ng5 Ba5 71. Kf2 bxc4 72. bxc4 Bb3 73. axb3 Bxe1+ 74. Kxe1 a2 0-1


[Site "https://www.chess.com"]

[Event "Titled Tuesday Blitz May 24 Late 2022"]
[White "Hasangatin, Ramil"]
[Black "Gatterer, Florian"]
[WhiteFideId "4122160"]
[BlackFideId "811688"]
[WhiteElo "2399"]
[BlackElo "2218"]
[Result "1-0"]
[Round "01"]
[TimeControl "180+1"]
[Date "2022.05.25"]
[WhiteClock "0:00:31"]
[BlackClock "0:00:04"]

1. e4 c5 2. Nf3 Nc6 3. Bb5 e5 4. c3 Bd6 5. O-O a6 6. Ba4 b5 7. Bc2 Nge7 8. d4 cxd4 9. cxd4 Nxd4 10. Nxd4 exd4 11. f4 Qc7 12. e5 Bc5 13. Be4 Bb7 14. Nd2 g6 15. Qf3 Nc6 16. Kh1 O-O 17. Nb3 Bb6 18. Bd2 d6 19. Rac1 Rac8 20. Bb4 Rfd8 21. Bxd6 Rxd6 22. exd6 Qxd6 23. Rfd1 h5 24. Qh3 Rc7 25. f5 a5 26. Qg3 Ne5 27. Rxc7 Bxe4 28. Rc8+ Kg7 29. fxg6 fxg6 30. Re8 Bc7 31. Nxd4 h4 32. Qxe5+ Qxe5 33. Rxe5 Bxe5 34. Re1 Bxd4 35. Rxe4 Bxb2 36. Re7+ Kf6 37. Rb7 Bc3 38. Rxb5 Bb4 39. a4 g5 40. h3 Bc3 41. Kg1 Kg6 42. Kf1 Kh5 43. Ke2 Kg6 44. Kf3 Kf6 45. Kg4 Bd2 46. Rf5+ Kg6 47. Rd5 1-0


[Site "https://www.chess.com"]

[Event "Titled Tuesday Blitz May 24 Late 2022"]
[White "Ibarra Jerez, Jose Carlos"]
[Black "Atanasov, Anthony"]
[WhiteFideId "2226332"]
[BlackFideId "2623897"]
[WhiteElo "2626"]
[BlackElo "1928"]
[Result "1-0"]
[Round "01"]
[TimeControl "180+1"]
[Date "2022.05.24"]
[WhiteClock "0:00:36"]
[BlackClock "0:01:30"]

1. e4 c5 2. Nc3 Nc6 3. Bb5 Nd4 4. Nf3 a6 5. Bd3 Nc6 6. O-O e6 7. b3 b5 8. Bb2 Bb7 9. Re1 Nge7 10. e5 Nb4 11. Bf1 d5 12. exd6 Qxd6 13. Ne4 Qc6 14. Ne5 Qc7 15. Ng5 f6 16. Nxe6 Qd6 17. Qh5+ g6 18. Nxg6 Nxg6 19. Bxf6 Nxc2 20. Bxh8 Nxe1 21. Rxe1 Kd7 22. Qxh7+ Be7 23. Bf6 Qxd2 24. Nxc5+ Kc6 25. Re6+ Kxc5 26. Bxe7+ Nxe7 27. Qxe7+ Kd4 28. Rd6+ Bd5 29. Rxd5+ 1-0


[Site "https://www.chess.com"]

[Event "Titled Tuesday Blitz May 24 Late 2022"]
[White "Ivanisevic, Ivan"]
[Black "Sibilio, Mario"]
[WhiteFideId "912417"]
[BlackFideId "800422"]
[WhiteElo "2495"]
[BlackElo "2296"]
[Result "1-0"]
[Round "01"]
[TimeControl "180+1"]
[Date "2022.05.25"]
[WhiteClock "0:00:18"]
[BlackClock "0:00:13"]

1. d4 Nf6 2. c4 e6 3. g3 d5 4. Bg2 dxc4 5. Qa4+ Nbd7 6. Nd2 a6 7. Nxc4 Be7 8. Na5 c6 9. Bd2 O-O 10. Rd1 Qb6 11. Nf3 Qb5 12. Qb3 Ne4 13. Nc4 Nxd2 14. Nfxd2 e5 15. dxe5 Nc5 16. Qc2 Be6 17. O-O Rfd8 18. b3 a5 19. f4 a4 20. f5 axb3 21. axb3 Bxc4 22. bxc4 Qa5 23. f6 Bf8 24. Nf3 g6 25. Bh3 Bh6 26. Kg2 Be3 27. e6 Nxe6 28. Bxe6 fxe6 29. Qe4 Bh6 30. Qxe6+ Kh8 31. Ne5 Rf8 32. Rd7 Rae8 33. Nf7+ 1-0


[Site "https://www.chess.com"]

[Event "Titled Tuesday Blitz May 24 Late 2022"]
[White "Jacobson, Brandon"]
[Black "Gil Alba, Hector Luis"]
[WhiteFideId "30901561"]
[BlackFideId "3504670"]
[WhiteElo "2362"]
[BlackElo "2331"]
[Result "1-0"]
[Round "01"]
[TimeControl "180+1"]
[Date "2022.05.24"]
[WhiteClock "0:00:56"]
[BlackClock "0:00:05"]

1. c4 Nf6 2. Nc3 g6 3. e4 d6 4. d4 Bg7 5. Nf3 O-O 6. Be2 e5 7. O-O Nc6 8. dxe5 Nxe5 9. Bf4 Qe7 10. Re1 c6 11. h3 Rd8 12. Qd2 Be6 13. b3 Nh5 14. Be3 Nf6 15. Nd4 Ned7 16. Bf1 Nc5 17. Bf4 a5 18. Rad1 Nh5 19. Bg5 Bf6 20. Be3 Bh4 21. g3 Bf6 22. Bg2 Bg7 23. f4 Nxg3 24. f5 Bc8 25. Bf2 Nh5 26. Nde2 Be5 27. Bxc5 Bxf5 28. exf5 dxc5 29. Qe3 Qf6 30. fxg6 hxg6 31. Ne4 Qg7 32. Nxc5 Re8 33. Qf2 Re7 34. Nd3 Bc7 35. Bf3 Rae8 36. Bxh5 gxh5+ 37. Kh1 Re3 38. Nef4 Qd4 39. Rxe3 Rxe3 40. Rg1+ Kh7 41. Qg2 Bxf4 42. Qg8+ Kh6 43. Qf8+ Kh7 44. Qxf7+ 1-0


[Site "https://www.chess.com"]

[Event "Titled Tuesday Blitz May 24 Late 2022"]
[White "Janaszak, Dawid"]
[Black "Rangel, Daniel"]
[WhiteFideId "1119206"]
[BlackFideId "2124475"]
[WhiteElo "2199"]
[BlackElo "2225"]
[Result "1-0"]
[Round "01"]
[TimeControl "180+1"]
[Date "2022.05.25"]
[WhiteClock "0:00:38"]
[BlackClock "0:00:06"]

1. e4 c6 2. d4 g6 3. Nc3 Bg7 4. Nf3 d5 5. e5 Bg4 6. Bf4 e6 7. Be2 Ne7 8. Qd2 c5 9. dxc5 Nd7 10. Bh6 Bxh6 11. Qxh6 Nf5 12. Qf4 Bxf3 13. Qxf3 Nxe5 14. Bb5+ Nd7 15. O-O O-O 16. b4 Ne5 17. Qe2 Qf6 18. Rfe1 Nc6 19. Bxc6 bxc6 20. Qd3 e5 21. a3 e4 22. Qh3 e3 23. Rxe3 Nxe3 24. Qxe3 d4 25. Ne4 dxe3 26. Nxf6+ Kg7 27. Ng4 exf2+ 28. Nxf2 a5 29. c3 axb4 30. cxb4 Rfe8 31. a4 Reb8 32. Nd3 Kf6 33. Kf2 Ke6 34. Ke3 Kd5 35. a5 f5 36. Rd1 Re8+ 37. Kf4 Re4+ 38. Kg5 Kc4 39. Kh6 Rh4+ 40. Kg7 Rxh2 41. Ne5+ Kxb4 42. Nxc6+ Kxc5 43. Rc1+ Kb5 44. Nd4+ Kb4 45. Nc6+ Kb3 46. g3 Ra2 47. Kxh7 Ra4 48. Kxg6 Ra6 49. Kxf5 Kb2 50. Rc5 Ra3 51. g4 Rc3 52. Rb5+ Rb3 53. Rc5 Rc3 54. Rb5+ 1-0


[Site "https://www.chess.com"]

[Event "Titled Tuesday Blitz May 24 Late 2022"]
[White "Janturin, Artur"]
[Black "Hamitevici, Vladimir"]
[WhiteFideId "4130022"]
[BlackFideId "13902393"]
[WhiteElo "2413"]
[BlackElo "2359"]
[Result "0-1"]
[Round "01"]
[TimeControl "180+1"]
[Date "2022.05.25"]
[WhiteClock "0:00:01"]
[BlackClock "0:00:05"]

1. b3 d5 2. Bb2 Bf5 3. e3 e6 4. f4 Nf6 5. Nf3 Nbd7 6. g3 Bd6 7. Bg2 O-O 8. O-O Qe7 9. Ne5 h6 10. d3 a5 11. a3 Bc5 12. d4 Bd6 13. c4 c6 14. Nc3 Rfc8 15. Qd2 Bh7 16. c5 Bc7 17. b4 Ne4 18. Nxe4 dxe4 19. Qc2 Nf6 20. Bc3 Nd5 21. Bd2 f5 22. Rfb1 Bxe5 23. dxe5 axb4 24. axb4 Bg6 25. Qb2 Bh5 26. Rxa8 Rxa8 27. Ra1 Rb8 28. Kf2 b6 29. Qc1 bxc5 30. bxc5 Rb3 31. Bf1 Qb7 32. Bc4 Rb2 33. Ra2 Rb1 34. Qc2 Rh1 35. Rb2 Qd7 36. Qa4 Rxh2+ 37. Kg1 Rh3 38. Kg2 Bg4 39. Ba6 Qf7 0-1


[Site "https://www.chess.com"]

[Event "Titled Tuesday Blitz May 24 Late 2022"]
[White "Jia, Haoxiang"]
[Black "Ardila, Oscar Humberto"]
[WhiteFideId "8602999"]
[BlackFideId "4404742"]
[WhiteElo "2609"]
[BlackElo "1928"]
[Result "1-0"]
[Round "01"]
[TimeControl "180+1"]
[Date "2022.05.25"]
[WhiteClock "0:01:20"]
[BlackClock "0:01:04"]

1. d4 Nf6 2. c4 e6 3. Nf3 Bb4+ 4. Nbd2 O-O 5. a3 Be7 6. e4 d6 7. Bd3 Nbd7 8. O-O e5 9. Bc2 Re8 10. b4 exd4 11. Nxd4 a5 12. Bb2 Ne5 13. h3 Bd7 14. f4 Nc6 15. Nxc6 Bxc6 16. b5 Bd7 17. e5 dxe5 18. fxe5 Bc5+ 19. Kh1 Ng4 20. Ne4 Ne3 21. Qe2 Nxf1 22. Rxf1 Be7 23. Qh5 Be6 24. Nf6+ Bxf6 25. Qxh7+ Kf8 26. exf6 gxf6 27. Qh8+ Ke7 28. Bxf6+ Kd7 29. Rd1+ Bd5 30. Rxd5+ Ke6 31. Bf5# 1-0


[Site "https://www.chess.com"]

[Event "Titled Tuesday Blitz May 24 Late 2022"]
[White "Jobava, Baadur"]
[Black "Eynullayev, Atilla"]
[WhiteFideId "13601520"]
[BlackFideId "13413570"]
[WhiteElo "2617"]
[BlackElo "1936"]
[Result "1-0"]
[Round "01"]
[TimeControl "180+1"]
[Date "2022.05.24"]
[WhiteClock "0:01:25"]
[BlackClock "0:00:17"]

1. e4 e5 2. Nf3 Nc6 3. d4 exd4 4. Nxd4 Nf6 5. Nxc6 bxc6 6. Bd3 d6 7. O-O Be7 8. b3 O-O 9. Bb2 a5 10. Nd2 a4 11. Re1 a3 12. Bc3 Re8 13. h3 Bf8 14. Nc4 Nd7 15. Qf3 Nc5 16. Rad1 Nxd3 17. Rxd3 Qg5 18. Qd1 g6 19. Qa1 Be6 20. Bf6 Qh6 21. Ne3 Bg7 22. c4 Ra5 23. f3 Bxf6 24. Qxf6 Re5 25. b4 Bxh3 26. gxh3 R8e6 27. Ng4 Qxh3 28. Qf4 Rh5 29. Kf2 Kg7 30. Qg3 Qxg3+ 31. Kxg3 f5 32. Nf2 fxe4 33. Rxe4 Rxe4 34. Nxe4 1-0


[Site "https://www.chess.com"]

[Event "Titled Tuesday Blitz May 24 Late 2022"]
[White "Jorquera, Marcelo"]
[Black "Skliarov, Viktor"]
[WhiteFideId "3401197"]
[BlackFideId "14106736"]
[WhiteElo "2136"]
[BlackElo "2229"]
[Result "0-1"]
[Round "01"]
[TimeControl "180+1"]
[Date "2022.05.25"]
[WhiteClock "0:00:01"]
[BlackClock "0:00:19"]

1. e4 c5 2. Nc3 Nc6 3. g3 g6 4. Bg2 Bg7 5. d3 d6 6. Be3 Rb8 7. Qd2 b5 8. f4 Nd4 9. Nf3 Bg4 10. O-O Nxf3+ 11. Bxf3 Bxf3 12. Rxf3 b4 13. Nd1 Nf6 14. h3 O-O 15. f5 d5 16. Nf2 dxe4 17. dxe4 Nd7 18. Rb1 Ne5 19. Rf4 Qxd2 20. Bxd2 g5 21. f6 Bxf6 22. Rf5 h6 23. Ng4 Nxg4 24. hxg4 Bd4+ 25. Kg2 e6 26. Rf3 Rfd8 27. Be1 Be5 28. c3 bxc3 29. Bxc3 Bxc3 30. Rxc3 Rd2+ 31. Kf3 Rbxb2 32. Rxb2 Rxb2 33. a4 Rb4 34. a5 Rb5 35. a6 Ra5 36. e5 Rxa6 37. Rxc5 Ra3+ 38. Kf2 a5 39. Rc7 a4 40. Ra7 Kg7 41. Kg2 Kg6 42. Kh3 Re3 43. Ra5 a3 44. Kg2 h5 45. gxh5+ Kxh5 0-1


[Site "https://www.chess.com"]

[Event "Titled Tuesday Blitz May 24 Late 2022"]
[White "Keller, Peter"]
[Black "Livaic, Leon"]
[WhiteFideId "1272105"]
[BlackFideId "14531534"]
[WhiteElo "2275"]
[BlackElo "2540"]
[Result "0-1"]
[Round "01"]
[TimeControl "180+1"]
[Date "2022.05.25"]
[WhiteClock "0:00:30"]
[BlackClock "0:01:33"]

1. e4 c6 2. d4 d5 3. exd5 cxd5 4. Bd3 Nc6 5. c3 g6 6. Nf3 Bf5 7. Bxf5 gxf5 8. Bg5 Qd7 9. O-O e6 10. c4 Nge7 11. Bf6 Rg8 12. Bxe7 Bxe7 13. cxd5 Qxd5 14. Nc3 Qd7 15. d5 Nb4 16. dxe6 fxe6 17. Qb3 Qc6 18. Kh1 O-O-O 19. Rfe1 Nd3 20. Qxe6+ Qxe6 21. Rxe6 Nxf2+ 22. Kg1 Bc5 23. Kf1 Ng4 24. Rae1 f4 25. h3 Ne3+ 26. R1xe3 fxe3 27. Re4 Kb8 28. g4 Rgf8 29. Ke2 Rd7 30. Nd1 Rxd1 0-1


[Site "https://www.chess.com"]